 Dungeon Crawl Stone Soup version 0.29.1-2-gbd0b4ee654 (webtiles) character file.

Game seed: 1100945092684940088

21345 barowei the Convoker (level 12, -5/53 HPs)
             Began as a Deep Elf Summoner on Nov 22, 2022.
             Was a High Priest of Hepliaklqana.
             Killed from afar by a rime drake (21 damage)
             ... with a flash freeze
             ... on level 3 of the Lair of Beasts on Nov 24, 2022.
             The game lasted 02:05:10 (18297 turns).

barowei the Convoker (Deep Elf Summoner)           Turns: 18297, Time: 02:05:10

Health: -5/53      AC: 10    Str:  5    XL:     12   Next: 53%
Magic:  37/40      EV: 12    Int: 26    God:    Hepliaklqana [*****.]
Gold:   87         SH:  5    Dex: 15    Spells: 18/37 levels left

rFire   . . .      SeeInvis +   R - +4 sling (flame)
rCold   . . .      Faith    .   (no shield)
rNeg    . . .      Spirit   .   a - +0 robe
rPois   .          Reflect  +   d - +1 hat
rElec   .          Harm     .   s - +0 cloak
rCorr   .          Rampage  .   r - +2 pair of gloves
Will    +....                   C - +2 pair of boots
Stlth   ++........              k - amulet of reflection
HPRegen 0.17/turn               A - ring of magical power
MPRegen 0.27/turn               B - ring of see invisible

@: lethally poisoned (-5 -> -10)
A: reduced essence
a: Renounce Religion, Recall Ancestor, Ancestor Identity, Transference, Idealise


You were on level 3 of the Lair of Beasts.
You worshipped Hepliaklqana.
Hepliaklqana was extremely pleased with you.
You visited 3 branches of the dungeon, and saw 14 of its levels.

You collected 682 gold pieces.
You spent 595 gold pieces at shops.

Inventory:

Hand Weapons
 R - a +4 sling of flaming (weapon)
Armour
 a - a +0 robe (worn)
 d - a +1 hat (worn)
 r - a +2 pair of gloves (worn)
 s - a +0 cloak (worn)
 C - a +2 pair of boots (worn)
Jewellery
 k - an amulet of reflection (around neck)
 u - a ring of magical power
 A - a ring of magical power (left hand)
 B - a ring of see invisible (right hand)
 Q - a +6 ring of strength
Wands
 t - a wand of iceblast (5)
 x - a wand of light (11)
 L - a wand of flame (18)
 M - a wand of paralysis (5)
 N - a wand of polymorph (4)
Scrolls
 h - a scroll of brand weapon {unknown}
 i - a scroll of butterflies {unknown}
 l - 6 scrolls of immolation
 m - a scroll of identify
 p - 3 scrolls of noise
 w - 4 scrolls of fear
 y - 4 scrolls of teleportation
 D - a scroll of magic mapping {unknown}
 F - 2 scrolls of torment
 G - a scroll of silence {unknown}
 H - a scroll of poison {unknown}
 I - a scroll of blinking
 J - 3 scrolls of enchant armour
 K - a scroll of enchant weapon {unknown}
 P - 2 scrolls of summoning
Potions
 b - a potion of cancellation
 c - 4 potions of berserk rage
 e - 2 potions of ambrosia
 f - 2 potions of flight
 g - 5 potions of heal wounds
 j - 7 potions of might
 n - a potion of curing
 o - a potion of resistance
 q - 4 potions of attraction
 v - 3 potions of mutation
 z - 5 potions of brilliance
 E - 2 potions of lignification
 O - a potion of haste


   Skills:
 - Level 2.4 Dodging
 - Level 2.6 Stealth
 + Level 13.1 Spellcasting
 - Level 2.0 Hexes
 * Level 18.6 Summonings
 - Level 0.9 Air Magic
 - Level 8.0 Invocations


You had 18 spell levels left.
You knew the following spells:

 Your Spells              Type           Power      Damage    Failure   Level
a - Summon Small Mammal   Summ           100%       N/A       0%          1
b - Call Imp              Summ           85%        N/A       0%          2
c - Call Canine Familiar  Summ           85%        N/A       0%          3
d - Summon Guardian Gole  Hex/Summ       63%        N/A       1%          3
e - Summon Cactus Giant   Summ           42%        N/A       1%          6
f - Summon Lightning Spi  Summ/Air       61%        N/A       1%          4

Your spell library contained the following spells:

 Spells                   Type           Power      Damage    Failure   Level
 Freeze                   Ice            68%        1d8       3%          1
 Blink                    Tloc           34%        N/A       4%          2
 Scorch                   Fire           34%        2d6       4%          2
 Tukima's Dance           Hex            27%        N/A       4%          3
 Dazzling Flash           Conj/Hex       44%        N/A       7%          3
 Portal Projectile        Hex/Tloc       44%        N/A       7%          3
 Frozen Ramparts          Ice            34%        1d6       10%         3
 Gell's Gravitas          Tloc           17%        N/A       10%         3
 Lesser Beckoning         Tloc           17%        N/A       10%         3
 Teleport Other           Tloc           17%        N/A       10%         3
 Flame Wave               Conj/Fire      17%        2d7       32%         4
 Hailstorm                Conj/Ice       17%        3d6       32%         4
 Iskenderun's Mystic Bla  Conj/Tloc      17%        2d5       32%         4
 Blade Hands              Tmut           8%         N/A       67%         5
 Manifold Assault         Tloc           17%        N/A       67%         5
 Dispersal                Tloc           8%         N/A       99%         6
 Starburst                Conj/Fire      8%         6d4       99%         6
 Storm Form               Tmut/Air       9%         N/A       100%        7


Dungeon Overview and Level Annotations

Branches:
Dungeon (10/15)            Temple (1/1) D:5            Lair (3/5) D:8
  Swamp (0/4) Lair:2          Orc (0/2) D:10
  Snake: Lair:2-3    Spider: Lair:2-3

Altars:
Ashenzari
Cheibriados
Dithmenos
Elyvilon
Fedhas
Gozag
Hepliaklqana
Kikubaaqudgha
Makhleb
Nemelex Xobeh
Okawaru
Qazlal
Ru
Sif Muna
Trog
Uskayaw
Vehumet
Wu Jian
Xom
Yredelemnul
Zin
The Shining One

Shops:
D:1 *[*!!

Portals:
Ice
Cave: Lair:3

Annotations:
Lair:2 1 runed translucent door, Bodigarde's ghost, journeyman MeCA


Message History

Helsvinir is shoved backwards!
Helsvinir casts a spell at the elephant.
The puff of frost hits the elephant!
The elephant misses Helsvinir.
The elephant trunk-slaps Helsvinir.
The cane toad misses you.
Helsvinir hits the elephant with a +0 quarterstaff!!
The elephant dies!
Your Spellcasting skill increases to level 13!
The cane toad attacks as you move away! The cane toad stings you!
The cane toad stings you but does no damage.
Helsvinir casts a spell at the cane toad.
The stone arrow hits the elephant!
The elephant tramples Helsvinir.
Helsvinir is shoved backwards!
The cane toad attacks as you move away! The cane toad stings you!
You are poisoned.
The cane toad poisons you!
You feel very sick.
Your cactus giant hits the cane toad with a +0 giant spiked club!!
The cane toad dies!
You feel very sick.
You feel very sick.
Found 17 gold pieces.
You feel very sick.
The elephant is struck by your cactus giant's spines.
The elephant tramples your cactus giant!!
Your cactus giant stumbles backwards!
You feel sick.
Your cactus giant hits the elephant with a +0 giant spiked club!!
The elephant is struck by your cactus giant's spines.
The elephant tramples your cactus giant!
Your cactus giant stumbles backwards!
You feel sick.
The elephant is struck by your cactus giant's spines.
The elephant dies! 2 rime drakes come into view.
Found a frozen archway.
You feel sick.
The rime drake hisses angrily.
The rime drake breathes ice at you. The flash freeze hits you!!
You die...

####. ≈...# #......P# ##
#≈..#.... #.#≈.k.#≈..#
##≈.....#≈..#
#≈....k∩#≈..#
#.#.@#####≈..##
##.....≈≈≈≈≈..P#
#..............#### #
#$..........C.###.# #.
..............†....##..
.............^.R......#.
........................
........................
.........#..#..........


You could see 2 rime drakes and a friendly cactus giant (summoned).

Vanquished Creatures (collateral kills)
  A bog body (Lair:2)
  6 elephants
  9 cane toads
  3 black mambas
  Maggie (Lair:2)
  A komodo dragon (Lair:1)
  5 blink frogs
  A hornet (D:9)
  A dream sheep (Lair:3)
  44 yaks
  A shadow (D:10)
  A wyvern (Lair:2)
  Sigmund (D:4)
  A vampire (D:9)
  A two-headed ogre zombie (D:10)
  Menkaure (D:4)
  7 water moccasins
  Edmund (D:4)
  3 ice beasts
  An orc warrior (D:8)
  3 black bears
  2 ogres
  A centaur (D:3)
  3 wolves (Lair:2)
  A phantom (D:10)
  2 kobold brigands
  10 bullfrogs
  2 gnoll sergeants
  2 necrophages
  7 scorpions
  7 wights
  5 killer bees (D:8)
  A troll zombie (D:10)
  A howler monkey (D:8)
  2 electric eels (Lair:2)
  A centaur zombie (D:5)
  A bullfrog zombie (D:5)
  A jelly (D:7)
  5 hounds
  4 orc priests
  A gnoll bouda (D:5)
  2 iguanas
  9 orc wizards
  A scorpion zombie (D:5)
  12 hell rats (Lair:2)
  5 ogre zombies (D:10)
  2 howler monkey zombies (D:5)
  21 gnolls
  10 adders
  A shadow imp (D:6)
  2 white imps
  An ufetubus (D:6)
  4 worms (D:2)
  3 dart slugs
  46 orcs
  11 ball pythons
  5 bats
  7 endoplasms
  4 giant cockroaches
  8 goblins
  13 hobgoblins
  6 jackals
  12 kobolds
  7 quokkas
  A training dummy (D:7)
  6 frilled lizards
  A goblin skeleton (D:10)
  A goblin zombie (D:10)
  2 hobgoblin zombies (D:10)
  2 orc skeletons (D:10)
  12 orc zombies (D:10)
  4 rats
373 creatures vanquished.

Vanquished Creatures (others)
  A cane toad (Lair:1)
  A yak (D:8)
  A phantom (D:10)
  A troll zombie (D:10)
  A battlemage (Lair:1)
  2 ancestors (D:5)
  A gnoll (D:5)
  An orc skeleton (D:10)
  6 orc zombies (D:10)
  20 fungi
  31 plants
66 creatures vanquished.

Grand Total: 439 creatures vanquished

Notes
Turn   | Place    | Note
-------+----------+-------------------------------------------
     0 | D:1      | barowei the Deep Elf Summoner began the quest for the Orb.
     0 | D:1      | Reached XP level 1. HP: 10/10 MP: 6/6
   156 | D:1      | Found Loidatru's Vocational Training.
   238 | D:1      | Found Rirastiu's Distillery.
   334 | D:1      | Reached XP level 2. HP: 4/15 MP: 2/8
   701 | D:1      | Reached skill level 5 in Summonings
   704 | D:1      | Learned a level 2 spell: Call Imp
   785 | D:1      | Found Veloeng's Distillery.
  1002 | D:1      | Found Miamoav's General Store.
  1047 | D:1      | Found Geudit's Armour Boutique.
  1284 | D:1      | Found a faded altar of an unknown god.
  1343 | D:1      | Found Vienked's General Store.
  1582 | D:2      | Reached XP level 3. HP: 19/19 MP: 3/9
  1778 | D:2      | Reached XP level 4. HP: 24/24 MP: 5/11
  1857 | D:2      | Learned a level 3 spell: Call Canine Familiar
  2042 | D:2      | Reached skill level 6 in Summonings
  2853 | D:3      | Reached XP level 5. HP: 28/28 MP: 8/13
  3399 | D:3      | Noticed an ice beast
  3408 | D:3      | Killed an ice beast
  3409 | D:3      | Reached skill level 5 in Spellcasting
  3409 | D:3      | Reached skill level 7 in Summonings
  3409 | D:3      | Reached XP level 6. HP: 32/32 MP: 16/16
  3737 | D:3      | Found a broken altar of Ashenzari.
  4386 | D:4      | Noticed Menkaure
  4407 | D:4      | Killed Menkaure
  4408 | D:4      | Reached skill level 8 in Summonings
  4408 | D:4      | Reached XP level 7. HP: 4/36 MP: 5/17
  4754 | D:4      | Learned a level 3 spell: Summon Guardian Golem
  4786 | D:4      | Reached skill level 9 in Summonings
  4822 | D:4      | Noticed Sigmund
  4834 | D:4      | Killed Sigmund
  5168 | D:4      | Noticed Edmund
  5177 | D:4      | Killed Edmund
  5178 | D:4      | Reached skill level 10 in Summonings
  5526 | D:4      | Reached XP level 8. HP: 41/41 MP: 18/18
  5533 | D:4      | Found a hazy altar of Hepliaklqana.
  5541 | D:4      | Became a worshipper of Hepliaklqana the Forgotten
  5634 | D:4      | Found a stormy altar of Qazlal.
  6037 | D:5      | Entered Level 5 of the Dungeon
  6377 | D:5      | Reached * piety under Hepliaklqana
  6677 | D:5      | Reached skill level 11 in Summonings
  7054 | D:5      | Reached skill level 12 in Summonings
  7090 | D:5      | Found a basalt altar of Yredelemnul.
  7223 | D:5      | Found a staircase to the Ecumenical Temple.
  7230 | Temple   | Entered the Ecumenical Temple
  7933 | D:1      | Bought a potion of curing for 42 gold pieces
  7933 | D:1      | Bought a potion of brilliance for 56 gold pieces
  7933 | D:1      | Bought a potion of lignification for 42 gold pieces
  8212 | D:6      | Found a shadowy altar of Dithmenos.
  8223 | D:6      | Reached XP level 9. HP: 40/40 MP: 19/19
  8368 | D:6      | Reached skill level 13 in Summonings
  8530 | D:6      | Found an ornate altar of the Wu Jian Council.
  8856 | D:6      | Found a glowing silver altar of Zin.
  8878 | D:6      | Reached ** piety under Hepliaklqana
  8879 | D:6      | Remembered your ancestor Helsvinir as a battlemage
  9238 | D:7      | Learned a level 6 spell: Summon Cactus Giant
 10067 | D:7      | Reached *** piety under Hepliaklqana
 10303 | D:8      | Found a staircase to the Lair.
 10391 | D:8      | Reached skill level 14 in Summonings
 10766 | D:8      | Learned a level 4 spell: Summon Lightning Spire
 11329 | D:8      | Reached XP level 10. HP: 45/45 MP: 17/23
 11574 | D:9      | Reached skill level 15 in Summonings
 12263 | D:9      | Found a white marble altar of Elyvilon.
 12625 | D:10     | Entered Level 10 of the Dungeon
 12885 | D:10     | Reached **** piety under Hepliaklqana
 12885 | D:10     | Found a staircase to the Orcish Mines.
 13195 | D:10     | Reached skill level 16 in Summonings
 13196 | D:10     | Reached skill level 10 in Spellcasting
 13286 | D:10     | Found an iron altar of Okawaru.
 13342 | D:10     | Reached XP level 11. HP: 48/48 MP: 20/27
 13908 | Lair:1   | Entered Level 1 of the Lair of Beasts
 14215 | Lair:1   | Reached skill level 5 in Invocations
 15506 | Lair:2   | Reached ***** piety under Hepliaklqana
 15720 | Lair:2   | Reached skill level 17 in Summonings
 16215 | Lair:2   | Found a staircase to the Swamp.
 16221 | Lair:2   | Noticed a bog body
 16223 | Lair:2   | HP: 1/48 [bog body/bolt of cold (47)]
 16228 | Lair:2   | Killed a bog body
 16229 | Lair:2   | Reached XP level 12. HP: 2/53 MP: 25/29
 16660 | Lair:2   | Noticed Maggie
 16674 | Lair:2   | Killed Maggie
 16675 | Lair:2   | Reached skill level 18 in Summonings
 16971 | D:1      | Bought a potion of mutation for 112 gold pieces
 16971 | D:1      | Bought a potion of heal wounds for 70 gold pieces
 16971 | D:1      | Bought a potion of might for 56 gold pieces
 16971 | D:1      | Bought a potion of attraction for 42 gold pieces
 17008 | D:1      | Bought a potion of cancellation for 80 gold pieces
 17008 | D:1      | Bought a scroll of torment for 95 gold pieces
 17654 | Lair:2   | Found a runed translucent door.
 17655 | Lair:2   | Noticed Bodigarde's ghost (journeyman MeCA)
 17656 | Lair:2   | Noticed a five-headed hydra
 18297 | Lair:3   | Found a frozen archway.
 18297 | Lair:3   | Killed from afar by a rime drake

Illustrated notes

Levels and vault maps discovered:
D:1:      dpeg_chamrin_arrival_tetris, layout_basic, serial_shops,
          nicolae_shop_waterfront, nicolae_shop_hallway_plus, shop,
          nicolae_lakefront_shop, shop, ebering_ecumenical_altar_mist,
          serial_glass, glass_columns_a, glass_columns_c,
          nicolae_shop_vocational
D:2:      layout_basic
D:3:      layout_basic, cheibrodos_ashenzari_chains, minmay_fractal_squares_5
D:4:      layout_basic, nicolae_overflow_crystal_walls,
          nicolae_qazlal_scattered_showers, sigmund_army, uniq_menkaure,
          uniq_edmund
D:5:      layout_basic, nicolae_yredelemnul_corpse_copse,
          minmay_temple_entry_grid
D:6:      layout_loops_corners, nicolae_wu_jian_immortal_techniques,
          zin_academy, nicolae_dithmenos_shadow_blocks, grunt_ministairs_13
D:7:      dreamdust_elfheim, layout_cave_pods, kennysheep_small_spiral
D:8:      layout_cave_pods, dpeg_oklobed_lair
D:9:      layout_cave_pools, elyvilon_altar_3
D:10:     layout_small_grid, okawaru_ov_weapons_minmay, zombieorc2_lemuel
Temple:   dshaligram_water_room_temple
Lair:1:   layout_loops_ring, beast_lair_carwin_1
Lair:2:   layout_gridlike, skrybe_swamp_entry_bodies, ebering_ghost_inner_flame,
          serial_bayou_lagoon_a, uniq_maggie
Lair:3:   layout_cave_shapes, nicolae_spider_entry_non_spiders,
          portal_ice_cave_rime, grunt_megastairs_3, infiniplex_staircase_pool

Skill      XL: |  1  2  3  4  5  6  7  8  9 10 11 12 |
---------------+-------------------------------------+-----
Summonings     | 5 6 7 8 10 12 14 16 17 18 | 18.6
Spellcasting   | 4 5 7 10 11 13 | 13.1
Hexes          | 2 |  2.0
Invocations    | 8 |  8.0
Dodging        | |  2.4
Stealth        | |  2.6
Air Magic      | |  0.9

Action                   |  1- 3 |  4- 6 |  7- 9 | 10-12 || total
-------------------------+-------+-------+-------+-------++-------
Melee: Unarmed           |     1 |       |       |       ||     1
 Fire: Sling             |       |       |     2 |     4 ||     6
 Cast: Summon Small Mamm |    43 |    28 |    68 |    81 ||   220
       Call Imp          |     9 |    17 |    38 |    34 ||    98
       Call Canine Famil |       |    25 |    35 |    30 ||    90
       Summon Guardian G |       |       |    33 |    40 ||    73
       Summon Cactus Gia |       |       |     7 |    32 ||    39
       Summon Lightning  |       |       |     3 |    30 ||    33
Invok: Recall Ancestor   |       |       |     1 |     2 ||     3
       Ancestor Identity |       |       |     1 |       ||     1
       Ancestor Life: Ba |       |       |     1 |       ||     1
       Transference      |       |       |       |     2 ||     2
  Use: Scroll            |       |       |     2 |    11 ||    13
       Potion            |       |       |       |     4 ||     4
Armor: Robe              |    13 |     3 |     9 |     5 ||    30
Dodge: Dodged            |    18 |     9 |    21 |    20 ||    68
Block: Other             |       |       |     8 |     6 ||    14
       Reflection        |       |       |     1 |       ||     1
